 Dungeon Crawl Stone Soup version 0.23.1-37-gaa34b87b72 (webtiles) character file.

Game seed: 11614628155199915913

160377 PentaManta the Sniper (level 18, -3/120 HPs)
             Began as a Kobold Hunter on Mar 21, 2019.
             Was the Champion of Okawaru.
             Slain by an entropy weaver (17 damage)
             ... on level 3 of the Spider Nest.
             The game lasted 01:51:40 (30308 turns).

PentaManta the Sniper (Kobold Hunter)              Turns: 30308, Time: 01:51:41

Health: -3/120     AC: -1    Str: 17    XL:     18   Next: 39%
Magic:  18/18      EV: 34    Int: 12    God:    Okawaru [******]
Gold:   2802       SH:  0    Dex: 29    Spells: 9/17 levels left

rFire    + . .     SeeInvis .   g - +5 arbalest (venom)
rCold    + . .     Gourm    .   (shield currently unavailable)
rNeg     . . .     Faith    .   F - +4 troll leather armour
rPois    +         Spirit   .   J - +0 helmet
rElec    .         Reflect  .   b - scarf {rC+ rF+}
rCorr    .         Harm     .   v - +2 pair of gloves {Dex+3}
MR       +....                  W - +2 pair of boots
Stlth    ++........             r - amulet of the acrobat
HPRegen  0.70/turn              y - ring of Qogofuf {rPois Str+4 Dex+2}
MPRegen  0.16/turn              q - +4 ring of dexterity

@: corroded
A: small, carnivore
a: Heroism, Finesse, Renounce Religion


You were on level 3 of the Spider Nest.
You worshipped Okawaru.
Okawaru was exalted by your worship.
You were very hungry.

You visited 5 branches of the dungeon, and saw 28 of its levels.

You collected 2802 gold pieces.

Inventory:

Hand Weapons
 c - a +2 triple crossbow of velocity
 g - a +5 arbalest of venom (weapon)
 H - the +8 triple crossbow "Nad Yrha" {freeze, MR- Str+7 Dex+5}
   (Okawaru gifted it to you on level 12 of the Dungeon)

   It causes projectiles fired from it to freeze those they strike, causing
   extra injury to most foes and up to half again as much damage against
   particularly susceptible opponents.
   They can also slow down cold-blooded creatures.
   It affects your strength (+7).
   It affects your dexterity (+5).
   It affects your resistance to hostile enchantments.
 K - the +11 mace "Raber" {crush, rC+ MR+ Str+2}
   (You found it on level 13 of the Dungeon)

   It inflicts extra damage upon your enemies.
   It affects your strength (+2).
   It protects you from cold.
   It affects your resistance to hostile enchantments.
Missiles
 d - 238 bolts (quivered)
Armour
 b - a scarf of resistance (worn)
 l - the +4 cloak of the Prince {-Tele rPois Slay+2}
   (Okawaru gifted it to you on level 2 of the Spider Nest)

   It affects your accuracy and damage with ranged weapons and melee attacks
   (+2).
   It protects you from poison.
   It prevents most forms of teleportation.
 v - a +2 pair of gloves of dexterity (worn)
 F - a +4 troll leather armour (worn)
 J - a +0 helmet (worn)
 W - a +2 pair of boots (worn)
Jewellery
 q - a +4 ring of dexterity (right hand)
 r - an amulet of the acrobat (around neck)
 y - the ring of Qogofuf (left hand) {rPois Str+4 Dex+2}
   (You took it off a tengu conjurer on level 12 of the Dungeon)

   [ring of poison resistance]

   It affects your strength (+4).
   It affects your dexterity (+2).
   It protects you from poison.
 X - an uncursed ring of protection from fire
Wands
 o - a wand of paralysis (14)
 u - a wand of disintegration (32)
 z - a wand of acid (17)
 E - a wand of polymorph (19)
 R - a wand of digging (2)
Scrolls
 i - 17 scrolls of remove curse
 m - 8 scrolls of teleportation
 n - a scroll of enchant armour
 t - 2 scrolls of amnesia
 w - a scroll of magic mapping
 A - a scroll of fog
 B - 5 scrolls of identify
 T - a scroll of holy word
Potions
 a - 2 potions of agility
 e - 6 potions of cancellation
 h - 2 potions of lignification
 j - 4 potions of might
 k - 3 potions of brilliance
 p - 5 potions of haste
 s - 3 potions of ambrosia
 x - 2 potions of flight
 C - 2 potions of mutation
 I - 2 potions of magic
 L - a potion of berserk rage
 V - a potion of curing
Miscellaneous
 D - 2 boxes of beasts
 M - a phantom mirror
Comestibles
 f - 48 rations


   Skills:
 - Level 16.0 Fighting
 * Level 24.9 Crossbows
 - Level 17.0 Dodging
 - Level 1.3 Stealth


You had 9 spell levels left.
You knew the following spells:

 Your Spells              Type           Power        Failure   Level  Hunger
a - Controlled Blink      Tloc           N/A          100%        8    #######

Your spell library contained the following spells:

 Spells                   Type           Power        Failure   Level  Hunger
 Animate Skeleton         Necr           N/A          38%         1    ##.....
 Corona                   Hex            #......      38%         1    ##.....
 Pain                     Necr           #...         38%         1    ##.....
 Corpse Rot               Necr           N/A          52%         2    ###....
 Ensorcelled Hibernation  Hex/Ice        #.....       52%         2    ###....
 Poisonous Vapours        Pois/Air       #.....       52%         2    ###....
 Slow                     Hex            #.......     52%         2    ###....
 Song of Slaying          Chrm           #.......     52%         2    ###....
 Confuse                  Hex            #.......     77%         3    ####...
 Conjure Flame            Conj/Fire      #.......     77%         3    ####...
 Dazzling Spray           Conj/Hex       #.....       77%         3    ####...
 Inner Flame              Hex/Fire       #.......     77%         3    ####...
 Mephitic Cloud           Conj/Pois/Air  #.......     77%         3    ####...
 Portal Projectile        Hex/Tloc       #.....       77%         3    ####...
 Regeneration             Chrm/Necr      #.........   77%         3    ####...
 Spectral Weapon          Hex/Chrm       #.......     77%         3    ####...
 Stone Arrow              Conj/Erth      #.....       77%         3    ####...
 Tukima's Dance           Hex            #.......     77%         3    ####...
 Vampiric Draining        Necr           #.........   77%         3    ####...
 Animate Dead             Necr           N/A          99%         4    #####..
 Cause Fear               Hex            #.........   99%         4    #####..
 Force Lance              Conj/Tloc      #.......     99%         4    #####..
 Leda's Liquefaction      Hex/Erth       #.........   99%         4    #####..
 Summon Lightning Spire   Summ/Air       #.......     99%         4    #####..
 Silence                  Hex/Air        #.........   100%        5    ######.
 Summon Forest            Summ/Tloc      #.........   100%        5    ######.
 Conjure Ball Lightning   Conj/Air       #.........   100%        6    #######
 Deflect Missiles         Chrm/Air       #.........   100%        6    #######
 Freezing Cloud           Conj/Ice/Air   #.........   100%        6    #######
 Hydra Form               Tmut           #.........   100%        6    #######
 Ring of Flames           Chrm/Fire      #.........   100%        7    #######
 Summon Hydra             Summ           #.........   100%        7    #######
 Tornado                  Air            #.........   100%        9    #######


Dungeon Overview and Level Annotations

Branches:
Dungeon (15/15)            Temple (1/1) D:5            Lair (6/6) D:10
 Shoals (0/4) Lair:2       Spider (4/4) Lair:3        Slime (0/5) Lair:5
    Orc (2/2) D:10            Elf (0/3) Orc:2        Vaults (0/5) D:13
 Depths (0/5) D:15

Altars:
Ashenzari
Cheibriados
Dithmenos
Elyvilon
Fedhas
Gozag
Hepliaklqana
Kikubaaqudgha
Makhleb
Nemelex Xobeh
Okawaru
Qazlal
Ru
Sif Muna
Trog
Uskayaw
Vehumet
Wu Jian
Xom
Yredelemnul
Zin
The Shining One
Beogh
Jiyva

Shops:
D:12 }   D:13 :   Orc:2 %:(*

Annotations:
Spider:4 Nikola


Innate Abilities, Weirdness & Mutations

You are small and have problems with some larger weapons.
You are carnivorous and can eat meat at any time.


Message History

You feel better. The redback completely misses you. x2
The entropy weaver casts a spell.
The entropic weave corrodes you! The redback completely misses you.
The redback misses you. x2
You feel better. The redback closely misses you.
The entropy weaver completely misses you.
The entropy weaver hits you!
* * * LOW HITPOINT WARNING * * *
The entropy weaver completely misses you.
The entropy weaver hits you!
* * * LOW HITPOINT WARNING * * *
The redback closely misses you. The redback bites you.
* * * LOW HITPOINT WARNING * * *
The redback closely misses you.
Evoke which item? (* to show all) (? for menu, Esc to quit)
Okay, then.
You feel better. The redback misses you. x2
The entropy weaver completely misses you.
The entropy weaver hits you!
You die...

##### ###.#.# ###
#^.#..# ##.# ###
##....###...
#.###...........
###.......#.......
##@s...........#...
#sas....#.........#
#####...^...^......
####...........
#...........
####........
##....... #######
###..... ###.#^..##
#......


You could see an entropy weaver and 3 redbacks.

Vanquished Creatures
  Rupert (Lair:4)
  Roxanne (Spider:3)
  Aizul (Spider:3)
  An emperor scorpion (Spider:1)
  An ironheart preserver (D:13)
  An entropy weaver (Spider:1)
  A spark wasp (Spider:3)
  2 ettins
  Fannar (Orc:1)
  A hydra (Lair:3)
  22 death yaks
  4 catoblepae
  5 centaur warriors
  A tengu warrior (D:12)
  The ghost of OdinFK the Thaumaturge, a journeyman DEFE of Vehumet (D:10)
  7 two-headed ogres
  An ogre mage (D:15)
  Sonja (Orc:1)
  A fire crab (Lair:6)
  5 skeletal warriors
  An unseen horror (D:12)
  9 orc knights
  A deep elf archer (D:14)
  2 lindwurms (shapeshifter) (D:14)
  17 orb spiders
  13 ugly things
  An oklob plant (Lair:6)
  2 orc sorcerers
  32 wolf spiders
  2 cyclopes
  4 manticores
  13 deep elf magi
  4 moths of wrath
  3 centaur zombies
  3 black mambas
  Psyche (D:10)
  3 torpor snails
  20 spiny frogs
  5 gargoyles
  4 komodo dragons
  3 kobold demonologists
  2 rime drakes (Lair:3)
  A tengu conjurer (D:12)
  A freezing wraith (D:14)
  17 demonic crawlers
  A redback zombie (D:15)
  A queen bee (D:10)
  7 trolls
  5 slime creatures
  32 jumping spiders
  A polar bear (Lair:4)
  24 blink frogs
  Prince Ribbit (D:7)
  6 hornets
  A meliai zombie (D:12)
  11 dream sheep
  15 hippogriffs
  53 redbacks
  4 wyverns
  2 shadows
  2 vampires
  18 tarantellas
  48 yaks
  A human (shapeshifter) (D:14)
  Eustachio (D:6)
  4 hogs (D:8)
  A human (D:8)
  A vampire mosquito (D:14)
  7 basilisks
  A hungry ghost (D:13)
  Menkaure (D:6)
  11 water moccasins
  6 wargs
  9 porcupines
  A floating eye (shapeshifter) (D:15)
  A hornet zombie (D:10)
  6 ice beasts
  34 orc warriors
  2 black bears
  A phantom (D:10)
  6 sky beasts
  A necrophage (D:13)
  19 ogres
  An eye of draining (D:12)
  4 wolves (Lair:4)
  5 centaurs
  5 big kobolds
  21 crocodiles
  Blork the orc (D:6)
  23 bullfrogs
  2 wyvern zombies
  A wyvern skeleton (D:11)
  5 scorpions
  19 killer bees
  7 electric eels
  20 wights
  3 howler monkeys
  8 crimson imps
  2 bullfrog zombies
  A quasit (D:7)
  8 hounds
  Crazy Yiuf (D:7)
  12 jellies
  4 bullfrog skeletons
  10 orc priests
  7 centaur skeletons
  5 iguanas
  11 orc wizards
  13 worker ants
  A centaur simulacrum (D:12)
  A hound zombie (D:10)
  11 gnolls
  11 adders
  A howler monkey skeleton (D:11)
  2 shadow imps
  3 adder zombies
  13 oozes
  2 adder skeletons
  3 worms
  3 dart slugs
  4 leopard geckos
  72 orcs
  4 giant cockroaches
  7 goblins
  15 hobgoblins
  4 jackals (D:1)
  34 kobolds
  3 quokkas
  5 bats
  3 frilled lizards
  A jackal zombie (D:7)
  A leopard gecko zombie (D:5)
  A quokka zombie (D:8)
  6 rats
  2 fungi (Lair:6)
981 creatures vanquished.

Vanquished Creatures (collateral kills)
  A hydra (D:14)
  A death knight (D:14)
2 creatures vanquished.

Vanquished Creatures (others)
  2 redbacks (Spider:4)
  A kobold (D:11)
  6 fungi
  9 toadstools (D:4)
18 creatures vanquished.

Grand Total: 1001 creatures vanquished

Notes
Turn   | Place    | Note
-------+----------+-------------------------------------------
     0 | D:1      | PentaManta the Kobold Hunter began the quest for the Orb.
     0 | D:1      | Reached XP level 1. HP: 12/12 MP: 1/1
     7 | D:1      | Noticed a wolf
     7 | D:1      | Noticed a lindwurm
     7 | D:1      | Noticed a salamander
     7 | D:1      | Noticed an iguana
     7 | D:1      | Noticed a polar bear
    93 | D:1      | Reached XP level 2. HP: 18/18 MP: 2/2
   117 | D:1      | Reached skill level 5 in Crossbows
   500 | D:1      | Reached XP level 3. HP: 22/22 MP: 3/3
   840 | D:2      | Reached XP level 4. HP: 28/28 MP: 4/4
  1318 | D:2      | Reached XP level 5. HP: 33/33 MP: 5/5
  1566 | D:2      | Found a stormy altar of Qazlal.
  2299 | D:3      | Reached XP level 6. HP: 35/38 MP: 6/6
  2959 | D:4      | Reached skill level 5 in Dodging
  3018 | D:4      | Found a hazy altar of Hepliaklqana.
  3346 | D:4      | Found a hide-covered altar of Uskayaw.
  3429 | D:4      | Reached skill level 6 in Crossbows
  3596 | D:4      | Reached skill level 5 in Fighting
  3643 | D:4      | Reached XP level 7. HP: 44/44 MP: 7/7
  4159 | D:5      | Entered Level 5 of the Dungeon
  4204 | D:5      | Found a radiant altar of Vehumet.
  4300 | D:5      | Found a sacrificial altar of Ru.
  4396 | D:5      | Reached XP level 8. HP: 51/51 MP: 8/8
  4542 | D:5      | You fall through a shaft for 2 floors!
  4575 | D:6      | Got a smoking hand crossbow
  4576 | D:6      | Identified the +7 hand crossbow "Iryofah" {velocity, rPois
                  | rC- Int+6} (You found it on level 6 of the Dungeon)
  4676 | D:6      | Reached skill level 7 in Crossbows
  4692 | D:6      | Noticed Blork the orc
  4695 | D:6      | Killed Blork the orc
  4823 | D:6      | Reached XP level 9. HP: 50/57 MP: 9/9
  4843 | D:6      | Noticed Eustachio
  4882 | D:6      | Killed Eustachio
  5176 | D:6      | Noticed Menkaure
  5184 | D:6      | Killed Menkaure
  5487 | D:5      | Found a staircase to the Ecumenical Temple.
  5499 | Temple   | Entered the Ecumenical Temple
  5506 | Temple   | Became a worshipper of Warmaster Okawaru
  5564 | D:7      | Noticed a hippogriff
  5570 | D:7      | Killed a hippogriff
  5570 | D:7      | Reached skill level 8 in Crossbows
  5662 | D:7      | Noticed Prince Ribbit
  5666 | D:7      | Killed Prince Ribbit
  5666 | D:7      | Reached * piety under Okawaru
  5806 | D:7      | Reached skill level 10 in Dodging
  5808 | D:7      | Reached XP level 10. HP: 66/66 MP: 7/10
  6181 | D:7      | Found a runed translucent door.
  6182 | D:7      | Noticed Crazy Yiuf
  6202 | D:7      | Found a basalt altar of Yredelemnul.
  6324 | D:7      | Killed Crazy Yiuf
  6363 | D:8      | Noticed a cyclops
  6367 | D:8      | Killed a cyclops
  6367 | D:8      | Reached ** piety under Okawaru
  6367 | D:8      | Reached skill level 10 in Fighting
  6367 | D:8      | Reached skill level 9 in Crossbows
  6548 | D:8      | Found a viscous altar of Jiyva.
  6686 | D:8      | Noticed a two-headed ogre
  6695 | D:8      | Killed a two-headed ogre
  6695 | D:8      | Reached *** piety under Okawaru
  7114 | D:8      | Reached XP level 11. HP: 73/73 MP: 11/11
  7580 | D:9      | Found a glowing silver altar of Zin.
  7719 | D:9      | Noticed a two-headed ogre
  7729 | D:9      | Killed a two-headed ogre
  7729 | D:9      | Reached **** piety under Okawaru
  7729 | D:9      | Reached skill level 10 in Crossbows
  7736 | D:9      | Received a gift from Okawaru
  7784 | D:9      | Found an opulent altar of Gozag.
  7965 | D:10     | Entered Level 10 of the Dungeon
  8106 | D:10     | Found a transporter.
  8150 | D:10     | Noticed OdinFK's ghost (journeyman DEFE)
  8176 | D:10     | Found a transporter.
  8199 | D:10     | Found a staircase to the Orcish Mines.
  8430 | D:10     | Found a staircase to the Lair.
  8470 | D:10     | Received a gift from Okawaru
  8689 | D:10     | Noticed Psyche
  8694 | D:10     | Killed Psyche
  8852 | D:11     | Noticed a brown ugly thing
  8865 | D:10     | Reached ***** piety under Okawaru
  8865 | D:10     | Received a gift from Okawaru
  8905 | D:11     | Noticed a brown ugly thing
  9514 | D:11     | Received a gift from Okawaru
  9655 | D:10     | Killed a brown ugly thing
  9715 | D:11     | Reached XP level 12. HP: 82/82 MP: 4/12
  9729 | D:11     | Received a gift from Okawaru
  9733 | D:11     | Noticed a two-headed ogre
  9833 | D:11     | Killed a two-headed ogre
  9833 | D:11     | Reached skill level 11 in Crossbows
 10081 | D:11     | Found a shimmering altar of Xom.
 10514 | D:12     | Noticed a catoblepas
 10530 | D:12     | Killed a catoblepas
 10530 | D:12     | Received a gift from Okawaru
 10606 | D:12     | Found Ixorag's Gadget Shoppe.
 10633 | D:12     | Noticed a soul eater
 10641 | D:12     | Noticed a centaur warrior
 10648 | D:12     | Killed a centaur warrior
 10648 | D:12     | Received a gift from Okawaru
 10649 | D:12     | Noticed a tengu warrior
 10655 | D:12     | Killed a tengu warrior
 10707 | D:12     | Noticed a centaur warrior
 10713 | D:12     | Killed a centaur warrior
 10787 | D:12     | Identified the ring of Qogofuf {rPois Str+4 Dex+2}
 10928 | D:12     | Received a gift from Okawaru
 10931 | D:12     | Got a brightly glowing triple crossbow {god gift}
 11005 | D:12     | Killed an unseen horror
 11005 | D:12     | Reached XP level 13. HP: 61/89 MP: 13/13
 11274 | D:13     | Reached skill level 15 in Dodging
 11393 | D:13     | Got a twisted mace
 11462 | D:12     | Got a transparent flail
 11466 | D:12     | Reached skill level 12 in Crossbows
 11989 | D:12     | Identified the +2 flail of Contradiction {crush, rElec rC+
                  | Int+3 SInv} (You found it on level 12 of the Dungeon)
 11990 | D:12     | Identified the +11 mace "Raber" {crush, rC+ MR+ Str+2} (You
                  | found it on level 13 of the Dungeon)
 11991 | D:12     | Identified the +8 triple crossbow "Nad Yrha" {freeze, MR-
                  | Str+7 Dex+5} (Okawaru gifted it to you on level 12 of the
                  | Dungeon)
 12105 | D:13     | Found a basalt altar of Yredelemnul.
 12144 | D:13     | Noticed a centaur warrior
 12147 | D:13     | Killed a centaur warrior
 12186 | D:13     | Noticed a centaur warrior
 12190 | D:13     | Killed a centaur warrior
 12243 | D:13     | Found a gate to the Vaults.
 12243 | D:13     | Noticed an ironheart preserver
 12314 | D:13     | Killed an ironheart preserver
 12314 | D:13     | Received a gift from Okawaru
 12609 | D:13     | Reached skill level 13 in Crossbows
 12698 | D:13     | Found Zuzurphe's Book Shoppe.
 12813 | D:13     | Received a gift from Okawaru
 13286 | D:14     | Reached ****** piety under Okawaru
 13286 | D:14     | Received a gift from Okawaru
 13469 | D:14     | Reached XP level 14. HP: 83/96 MP: 14/14
 13490 | D:13     | Reached skill level 14 in Crossbows
 13507 | D:13     | Reached skill level 15 in Fighting
 14360 | D:15     | Entered Level 15 of the Dungeon
 14365 | D:14     | Reached skill level 15 in Crossbows
 14634 | D:15     | Received a gift from Okawaru
 14871 | D:15     | Received a gift from Okawaru
 15055 | D:15     | Reached skill level 16 in Crossbows
 15365 | D:15     | Found a staircase to the Depths.
 15845 | D:10     | Killed OdinFK's ghost
 15931 | Orc:1    | Entered Level 1 of the Orcish Mines
 15965 | Orc:1    | Noticed Sonja
 16040 | Orc:1    | Noticed Fannar
 16055 | Orc:1    | Killed Fannar
 16113 | Orc:1    | You fall through a shaft!
 16113 | Orc:2    | Entered Level 2 of the Orcish Mines
 16136 | Orc:1    | Found a bloodstained altar of Trog.
 16457 | Orc:1    | Reached XP level 15. HP: 91/103 MP: 15/15
 16568 | Orc:2    | Received a gift from Okawaru
 17138 | Orc:2    | Reached skill level 17 in Crossbows
 17266 | Orc:1    | Received a gift from Okawaru
 17502 | Orc:1    | Killed Sonja
 17867 | Orc:2    | Found Waefu's Book Boutique.
 17867 | Orc:2    | Found Epuer's Food Shoppe.
 18227 | Orc:2    | Found a staircase to the Elven Halls.
 18370 | Orc:2    | Found a roughly hewn altar of Beogh.
 18761 | Orc:2    | Found Relophi's Assorted Antiques.
 18761 | Orc:2    | Found Feanoum's Antique Weapon Shoppe.
 19043 | Lair:1   | Entered Level 1 of the Lair of Beasts
 19110 | Lair:1   | Reached skill level 18 in Crossbows
 19702 | Lair:1   | Received a gift from Okawaru
 20178 | Lair:2   | Found a staircase to the Shoals.
 20184 | Lair:2   | Received a gift from Okawaru
 21153 | Lair:3   | Found a hole to the Spider Nest.
 21251 | Lair:3   | Received a gift from Okawaru
 21486 | Lair:3   | Reached skill level 19 in Crossbows
 21645 | Lair:3   | Received a gift from Okawaru
 21674 | Lair:3   | Reached XP level 16. HP: 79/110 MP: 16/16
 22043 | Lair:4   | Received a gift from Okawaru
 22083 | Lair:4   | You fall through a shaft!
 22140 | Lair:4   | Received a gift from Okawaru
 22651 | Lair:4   | Noticed Rupert
 22674 | Lair:4   | Paralysed by Rupert for 6 turns
 22682 | Lair:4   | Killed Rupert
 22682 | Lair:4   | Received a gift from Okawaru
 22682 | Lair:4   | Reached skill level 20 in Crossbows
 23201 | Lair:5   | Found a runed translucent door.
 23201 | Lair:5   | Found a viscous altar of Jiyva.
 23203 | Lair:5   | Found a staircase to the Slime Pits.
 24730 | Lair:6   | Entered Level 6 of the Lair of Beasts
 24916 | Lair:5   | Reached skill level 21 in Crossbows
 25325 | Lair:6   | Received a gift from Okawaru
 25436 | Lair:6   | Received a gift from Okawaru
 25624 | Lair:6   | Reached XP level 17. HP: 109/115 MP: 12/17
 25656 | Lair:6   | Received a gift from Okawaru
 25665 | Lair:6   | Reached skill level 22 in Crossbows
 26357 | Spider:1 | Entered Level 1 of the Spider Nest
 26678 | Lair:3   | Received a gift from Okawaru
 26994 | Spider:1 | Reached skill level 23 in Crossbows
 27157 | Spider:1 | Received a gift from Okawaru
 27658 | Spider:2 | Received a gift from Okawaru
 27699 | Spider:2 | Received a gift from Okawaru
 27703 | Spider:2 | Got a shimmering cloak {god gift}
 27714 | Spider:2 | Identified the +4 cloak of the Prince {-Tele rPois Slay+2}
                  | (Okawaru gifted it to you on level 2 of the Spider Nest)
 28103 | Spider:2 | Got a faintly glowing leather armour
 28114 | Spider:2 | Identified the +6 leather armour of a Gauntlet {MR+} (You
                  | found it on level 2 of the Spider Nest)
 28406 | Spider:3 | Noticed Aizul
 28442 | Spider:3 | Killed Aizul
 28605 | Spider:3 | Identified the Almanac of Quantum Boosts
 28616 | Spider:3 | Learned a level 8 spell: Controlled Blink
 28619 | Spider:3 | Identified Roxanne's Catalogue of the Rocks
 28619 | Spider:3 | Noticed Roxanne
 28647 | Spider:3 | Reached skill level 24 in Crossbows
 28746 | Spider:3 | Reached XP level 18. HP: 120/120 MP: 18/18
 29128 | Spider:3 | Killed Roxanne
 29168 | Spider:4 | Entered Level 4 of the Spider Nest
 29588 | Spider:4 | Received a gift from Okawaru
 29932 | Spider:4 | Received a gift from Okawaru
 29958 | Spider:4 | Noticed Nikola
 30307 | Spider:3 | HP: 4/120 [redback (4)]
 30308 | Spider:3 | Slain by an entropy weaver

Skill      XL: |  1  2  3  4  5  6  7  8  9 10 11 12 13 14 15 16 17 |
---------------+----------------------------------------------------+-----
Crossbows      | 5 6 7 8 9 10 11 13 16 19 21 24 | 24.9
Dodging        | 3 4 5 6 8 10 11 13 14 16 17 | 17.0
Fighting       | 3 4 5 6 7 9 10 12 13 14 15 16 | 16.0
Stealth        | |  1.3

Action                   |  1- 3 |  4- 6 |  7- 9 | 10-12 | 13-15 | 16-18 || total
-------------------------+-------+-------+-------+-------+-------+-------++-------
Melee: Short sword       |    48 |   227 |    10 |       |       |       ||   285
       Hand crossbow     |       |       |       |     2 |       |       ||     2
 Fire: Hand crossbow     |    27 |    45 |   219 |   562 |   941 |       ||  1794
       Triple crossbow   |       |       |       |       |     1 |     9 ||    10
       Arbalest          |       |       |       |       |   221 |  1020 ||  1241
Invok: Heroism           |       |       |     1 |     6 |     6 |     2 ||    15
       Finesse           |       |       |       |     4 |     4 |     4 ||    12
Evoke: Wand              |       |       |       |       |    11 |     2 ||    13
       Box of beasts     |       |       |       |       |     2 |       ||     2
       Lightning rod     |       |       |       |       |       |     2 ||     2
  Use: Scroll            |       |     6 |     4 |     7 |    13 |    15 ||    45
       Potion            |       |       |       |     7 |     6 |     7 ||    20
 Stab: Sleeping          |       |     4 |       |       |       |       ||     4
  Eat: Chunk             |       |     9 |     6 |    19 |    27 |    19 ||    80
       Ration            |       |       |       |       |     2 |     2 ||     4
Armor: Leather armour    |     7 |    29 |    15 |    18 |       |       ||    69
       Troll leather arm |       |       |       |    20 |    51 |   126 ||   197
Dodge: Dodged            |    38 |   144 |   118 |   293 |   541 |  1283 ||  2417
